Cogmind - Beta 10.2 @@@ ROGUE MODE // 2022.02.15 @ 05:20:17 Player: Conner Result: Destroyed by L-31 Rogue with Katana Performance ------------- Evolutions (1) 500 Regions Visited (3) 600 Robots Destroyed (44) 220 Value Destroyed (797) 797 Prototype IDs (4) 80 Alien Tech Used (0) 0 Bonus (0) 0 TOTAL SCORE: 2197 Bonus ------- None Cogmind --------- Core Integrity 0/400 Matter 278/300 Energy 74/100 System Corruption 0% Temperature Cool (4) Movement Core (600) Ox11 Location -9/Mines Parts ------- > --- POWER (1) -------- (None) > --- PROPULSION (2) --- (None) > --- UTILITY (4) ------ Large Storage Unit Large Storage Unit Power Shielding Power Shielding > --- WEAPON (2) ------- Small Laser Light Assault Rifle > --- INVENTORY (16) --- Ion Engine Ion Engine Light Ion Engine Light Ion Engine Light Ion Engine Improved Ion Engine Heat Sink Heat Sink Large Storage Unit Structural Scanner Light Armor Plating Medium Armor Plating Light Assault Rifle Peak State ------------ > --- POWER ------------ Improved Ion Engine > --- PROPULSION ------- Wheel Compact Wheel > --- UTILITY ---------- Large Storage Unit Large Storage Unit Power Shielding Power Shielding > --- WEAPON ----------- Beam Rifle Improved Medium Laser > --- INVENTORY -------- Ion Engine Ion Engine Light Ion Engine Light Ion Engine Improved Ion Engine Aluminum Leg Heat Sink Heat Sink Large Storage Unit Structural Scanner Light Armor Plating Medium Armor Plating Beam Rifle Beam Rifle Beam Rifle Beam Rifle [Rating: 15] Favorites ----------- Power Ion Engine Engine Ion Engine Propulsion Wheel Leg Aluminum Leg Wheel Wheel Utility Large Storage Unit Device Heat Sink Storage Large Storage Unit Protection Power Shielding Weapon Small Laser Energy Gun Small Laser Energy Cannon Light EM Pulse Cannon Ballistic Gun Light Assault Rifle Build | -11 -10 -9 -9 ------- Run | Scr Mat Mat Min Slots Evolved 2 | . . 2 . Power . | . . . . Propulsion . | . . . . Utility 2 | . . 2 . Weapon . | . . . . Parts Attached 50 | 5 8 32 5 Power 5 | 1 2 2 . Engine 5 | 1 2 2 . Core . | . . . . Reactor . | . . . . Propulsion 11 | 2 2 7 . Treads . | . . . . Leg 2 | . . 2 . Wheel 9 | 2 2 5 . Hover . | . . . . Flight . | . . . . Utility 10 | . 2 8 . Device 3 | . . 3 . Storage 4 | . 2 2 . Processor . | . . . . Hackware . | . . . . Protection 3 | . . 3 . Artifact . | . . . . Weapon 24 | 2 2 15 5 Energy Gun 18 | 2 1 11 4 Energy Cannon 3 | . 1 2 . Ballistic Gun 3 | . . 2 1 Ballistic Cannon . | . . . . Launcher . | . . . . Special Weapon . | . . . . Impact Weapon . | . . . . Slashing Weapon . | . . . . Piercing Weapon . | . . . . Special Melee Weapon . | . . . . Unidentified Prototypes 1 | . . 1 . Parts Lost 26 | . 2 16 8 Power 2 | . . 1 1 Propulsion 7 | . 1 4 2 Utility 2 | . . 2 . Weapon 15 | . 1 9 5 Highest Loss Streak 13 | . 1 13 6 Average Slot Usage (%) 95 | . 93 97 94 Engine 11 | . 14 10 10 Leg 1 | . . . 9 Wheel 20 | . 27 19 10 Device 3 | . . 6 . Storage 22 | . 22 22 22 Protection 11 | . . 15 22 Energy Gun 15 | . 17 12 19 Energy Cannon 5 | . 10 5 . Ballistic Gun 2 | . . 4 . Naked Turns . | . . . . Heaviest Build 47 | 6 43 47 47 Greatest Support 26 | 26 26 26 16 Greatest Overweight (x) 11 | . 2 11 2 Average Overweight (x) 1 | . 1 1 2 Largest Inventory Capacity 16 | 4 16 16 16 Average Capacity 14 | 4 13 16 16 Most Carried 16 | 2 16 16 16 Average Carried 12 | 1 10 14 15 Final Capacity 16 | 4 16 16 16 Final Carried 16 | 2 16 16 13 Class Distribution -------------------- 71% | Mutant 28% | Scavenger-Mutant Dominant Class ---------------- Mutant | -10/Materials Scavenger-Mutant | -9/Materials Mutant | -9/Mines Resources | -11 -10 -9 -9 ----------- Run | Scr Mat Mat Min Matter Collected 640 | 230 95 247 68 Remotely . | . . . . Salvage Created 1444 | . 497 902 45 Parts 104 | . 38 60 6 Haulers Intercepted 2 | . 1 1 . Recyclers Shooed 3 | . 1 2 . Parts Field Recycled . | . . . . Retrieved Matter . | . . . . Parts Self-Destructed . | . . . . Prevented . | . . . . Kills | -11 -10 -9 -9 ------- Run | Scr Mat Mat Min Combat Hostiles Destroyed 25 | . 7 15 3 Guns 20 | . 7 10 3 Cannons 5 | . . 5 . Classes Destroyed 11 | . 8 3 . Worker 5 | . 5 . . Builder 3 | . 2 1 . Tunneler 2 | . 1 1 . Hauler 2 | . 1 1 . Recycler 4 | . 1 3 . Operator 1 | . . 1 . Watcher 2 | . 1 1 . Swarmer 11 | . 3 5 3 Grunt 10 | . 4 6 . Brawler 1 | . . 1 . Sentry 3 | . . 3 . Best Kill Streak 7 | . 7 6 3 Combat Bots Only 5 | . 3 5 3 Max Kills in Single Turn 3 | . 3 2 1 Gunslinging . | . . . . Exploded . | . . . . Melee . | . . . . Uniques/NPCs Destroyed . | . . . . Combat | -11 -10 -9 -9 -------- Run | Scr Mat Mat Min Damage Taken 2239 | . 221 1458 560 Core 440 | . 16 263 161 Absorbed by Shields . | . . . . Core Remaining (%) 96 | 100 93 . . Volleys Fired 108 | . 35 56 17 Largest 2 | . 2 2 2 Hottest 112 | . 96 112 112 Shots Fired 206 | . 65 111 30 Gun 163 | . 44 89 30 Cannon 43 | . 21 22 . Launcher . | . . . . Special . | . . . . Kinetic 20 | . . 18 2 Thermal 131 | . 30 73 28 Explosive . | . . . . Electromagnetic 55 | . 35 20 . Robot Hit Streak 18 | . 6 18 12 Robot Miss Streak 4 | . 3 4 3 Penetration Max . | . . . . Secondary Targets 5 | . 1 3 1 Max Gunslinging Chain 1 | . 1 1 1 Shots Hit Robots 129 | . 39 70 20 Core Hits 61 | . 22 35 4 Critical Hits 2 | . . 2 . Critical Kills 2 | . . 2 . Critical Parts Destroyed . | . . . . Melee Attacks . | . . . . Impact . | . . . . Slashing . | . . . . Piercing . | . . . . Sneak Attacks . | . . . . Combat Hostiles . | . . . . Follow-up Attacks . | . . . . Damage Inflicted 2172 | . 776 1143 253 Guns 1395 | . 363 779 253 Cannons 587 | . 289 298 . Explosions 190 | . 124 66 . Melee . | . . . . Ramming . | . . . . Kinetic 156 | . . 138 18 Thermal 1323 | . 340 748 235 Explosive . | . . . . Electromagnetic 693 | . 436 257 . Impact . | . . . . Slashing . | . . . . Piercing . | . . . . Highest Corruption . | . . . . Average Corruption . | . . . . Corruption Purged . | . . . . Overload Shots . | . . . . Overflow Damage 9 | . 9 . . Projectiles 9 | . 9 . . Explosions . | . . . . Melee . | . . . . Knockbacks . | . . . . Impact . | . . . . Kinetic . | . . . . Secondary . | . . . . Self-Inflicted Damage 33 | . . 33 . Shots 2 | . . 2 . Rammed . | . . . . Targets Rammed . | . . . . Kicked . | . . . . Crushed . | . . . . Highest Temperature 463 | . 348 463 196 Average Temperature 126 | . 143 129 75 Received Heat Transfer 501 | . 66 393 42 Effects 7 | . 2 5 . Shutdowns 2 | . . 2 . Energy Bleed 2 | . 2 . . Matter Decay 1 | . . 1 . Damage (minor) 2 | . . 2 . Siege Activations . | . . . . Robots Corrupted . | . . . . Combat Hostiles . | . . . . Parts Fried 3 | . 3 . . Impact Corruptions . | . . . . Robots Melted . | . . . . Combat Hostiles . | . . . . Parts Melted 5 | . . 5 . Heat Transferred 2832 | . 650 1599 583 Parts Sabotaged . | . . . . Parts Stolen . | . . . . Parts Stripped . | . . . . Power Chain Reactions 3 | . 1 2 . Missiles Intercepted . | . . . . Alert | -11 -10 -9 -9 ------- Run | Scr Mat Mat Min Peak Influence 292 | . 292 180 140 Initial 70 | . . 44 70 Average 90 | . 148 53 116 Maximum Alert Level 1 | . 1 . . Low Security (%) 88 | 100 63 100 100 Level 1 11 | . 36 . . Level 2 . | . . . . Level 3 . | . . . . Level 4 . | . . . . Level 5 . | . . . . High Security . | . . . . Max Security . | . . . . Squads Dispatched 3 | . 1 2 . Investigation 1 | . . 1 . Extermination . | . . . . Reinforcement 2 | . 1 1 . Assault . | . . . . Garrison . | . . . . Intercept . | . . . . Construction Impeded . | . . . . Haulers Reinforced . | . . . . Stealth | -11 -10 -9 -9 --------- Run | Scr Mat Mat Min Distress Signals 3 | . . 3 . Communications Jammed . | . . . . Distress Signals . | . . . . Times Spotted 45 | . 13 26 6 Peak Tracking Total 7 | . 5 7 4 Tactical Retreats . | . . . . Traps | -11 -10 -9 -9 ------- Run | Scr Mat Mat Min Traps Triggered . | . . . . Indirectly . | . . . . Trap Hack Attempts . | . . . . Triggered . | . . . . Disarmed . | . . . . Reprogrammed . | . . . . Reused . | . . . . Traps Extracted . | . . . . Installed . | . . . . Triggered . | . . . . Machines | -11 -10 -9 -9 ---------- Run | Scr Mat Mat Min Machines Disabled 4 | . 1 1 2 Max in Single Turn 2 | . 1 1 2 Machines Sabotaged . | . . . . Garrisons Compromised . | . . . . Overloaded Fab Kills . | . . . . Fab Network Shutdowns . | . . . . Hacking | -11 -10 -9 -9 --------- Run | Scr Mat Mat Min Machines Accessed 11 | . 6 5 . Terminals 9 | . 5 4 . Fabricators . | . . . . Repair Stations . | . . . . Recycling Units 2 | . 1 1 . Scanalyzers . | . . . . Garrison Access . | . . . . Total Hacks 31 | . 20 11 . Successful 16 | . 10 6 . Failed 15 | . 10 5 . Catastrophic 1 | . . 1 . Database Lockouts . | . . . . Manual 26 | . 17 9 . Terminals 29 | . 19 10 . Fabricators . | . . . . Repair Stations . | . . . . Recycling Units 2 | . 1 1 . Scanalyzers . | . . . . Garrison Access . | . . . . Terminal Hacks 5 | . 4 1 . Record 1 | . 1 . . Robot Analysis 1 | . 1 . . Prototype ID Bank 1 | . 1 . . Terminal Index 1 | . 1 . . Unreport Threat 1 | . . 1 . Fabricator Hacks . | . . . . Repair Station Hacks . | . . . . Recycling Unit Hacks . | . . . . Scanalyzer . | . . . . Garrison Access Hacks . | . . . . Unauthorized Hacks 11 | . 6 5 . Terminals 9 | . 5 4 . Track 1 | . 1 . . Assimilate 1 | . . 1 . Botnet 6 | . 3 3 . Operators 1 | . 1 . . Fabricators . | . . . . Repair Stations . | . . . . Recycling Units 2 | . 1 1 . Reject 2 | . 1 1 . Scanalyzers . | . . . . Garrison Access . | . . . . Data Cores Recovered . | . . . . Used . | . . . . Hacking Detections 10 | . 5 5 . Full Trace Events 1 | . . 1 . Feedback Events . | . . . . Feedback Blocked . | . . . . Robot Schematics Acquired . | . . . . Robots Built . | . . . . Matter . | . . . . Time . | . . . . Total Robot Build Rating . | . . . . Part Schematics Acquired . | . . . . Parts Built . | . . . . Matter . | . . . . Time . | . . . . Total Part Build Rating . | . . . . Parts Repaired . | . . . . Time . | . . . . Parts Recycled . | . . . . Recycled Matter . | . . . . Retrieved Matter . | . . . . Retrieved Components . | . . . . Parts Scanalyzed . | . . . . Part Schematics Acquired . | . . . . Parts Damaged . | . . . . Bothacking | -11 -10 -9 -9 ------------ Run | Scr Mat Mat Min Used RIF Installer . | . . . . Robots Hacked . | . . . . Non-combat . | . . . . Combat . | . . . . Robot Hacks Applied . | . . . . Relay Couplers Released . | . . . . Robots Rewired . | . . . . Allies Hacked . | . . . . Hacks Repelled . | . . . . Allies | -11 -10 -9 -9 -------- Run | Scr Mat Mat Min Total Allies 1 | . . 1 . Largest Group 1 | . . 1 1 Highest-Rated Group 10 | . . 10 10 Highest-Rated Ally 10 | . . 10 10 Total Orders . | . . . . Ally Attacks . | . . . . Total Damage . | . . . . Kills . | . . . . Allies Corrupted . | . . . . Allies Melted . | . . . . Intel | -11 -10 -9 -9 ------- Run | Scr Mat Mat Min Robot Analysis Total 1 | . 1 . . Derelict Logs Recovered 1 | . . . 1 Drone Launches . | . . . . Drone Recoveries . | . . . . Exploration | -11 -10 -9 -9 ------------- Run | Scr Mat Mat Min Turns Passed 1366 | 59 437 677 193 Spaces Moved 908 | 46 317 429 116 Core 4 | 2 . 2 . Treads . | . . . . Legs 5 | . . 5 . Wheels 899 | 44 317 422 116 Hover . | . . . . Flight . | . . . . Fastest Speed 50 | 50 90 100 120 Average Speed 103 | 87 97 105 120 Slowest Speed 600 | 90 120 600 120 Overloaded Moves . | . . . . Propulsion Burnouts . | . . . . Robots Hopped . | . . . . Cave-ins Triggered . | . . . . Exploration Rate (%) 26 | 4 45 37 21 Regions Visited 3 Branch Regions 1 Pre-discovered Areas 1 | . . . 1 Known Exits Taken . | . . . . Unknown Exits Taken 3 | 1 1 1 . Scrap Searched . | . . . . Spaces Dug . | . . . . Terrain Destroyed 9 | . . 9 . Melee . | . . . . Projectile . | . . . . AOE 9 | . . 9 . Terrain Rammed . | . . . . Walls Destroyed . | . . . . Machines Disabled . | . . . . Actions | -11 -10 -9 -9 --------- Run | Scr Mat Mat Min Total 1134 | 61 379 552 142 Wait 18 | 9 3 6 . Move 905 | 45 316 428 116 Hop . | . . . . Pick Up 35 | 2 14 16 3 Fast Attach 14 | 5 3 6 . Attach 22 | . 1 16 5 Detach . | . . . . Swap 14 | . 4 10 . Drop 18 | . 3 14 1 Fire 108 | . 35 56 17 Melee . | . . . . Ram . | . . . . Kick . | . . . . Crush . | . . . . Escape Stasis . | . . . . Rewire . | . . . . Trap . | . . . . Miscellaneous . | . . . . Route ------- -11/Scrapyard -10/Materials (discovered 2 exits: *Mat x2) -9/Materials (discovered 2 exits: [*Mat] / [*Min]) -9/Mines History --------- Turn | Location | Event 19 | -11/Scrapyard | Discovered new exit (range 15) 60 | -11/Scrapyard | Entered Materials 215 | -10/Materials | Discovered new exit (range 14) 311 | -10/Materials | Build established: Mutant 482 | -10/Materials | Discovered new exit (range 15) 497 | -10/Materials | Entered another Materials area 497 | -9/Materials | Evolved 2 slots: Utility x2 853 | -9/Materials | Lost 13 parts (1p3n2u7w) 943 | -9/Materials | Discovered new exit (range 15) 1113 | -9/Materials | Core integrity fell below 50% 1151 | -9/Materials | Discovered new exit (range 7) 1157 | -9/Materials | Lost 3 parts (1n2w) 1174 | -9/Materials | Entered Mines 1174 | -9/Mines | Accompanied by 1 ally 1192 | -9/Mines | Learned location of Recycling (-8) 1336 | -9/Mines | Core integrity fell below 20% 1367 | -9/Mines | Destroyed by L-31 Rogue with Katana Last Messages --------------- 01210_ Pulverizer disabled. 01211_ Imp. Medium Laser destroyed. 01214_ S-10 Pest destroyed. 01216_ Beam Rifle destroyed. 01221_ S-10 Pest destroyed. 01221_ Switching to secondary target: S-10 Pest. 01224_ S-10 Pest destroyed. 01243_ Acquired Lgt. Ion Engine. 01244_ Acquired 13 matter. 01246_ Acquired Lgt. Assault Rifle. 01250_ Dropped Lgt. Assault Rifle. 01250_ Acquired Lgt. Assault Rifle. 01250_ Acquired 55 matter. 01333_ Aluminum Leg destroyed. 01337_ Beam Rifle destroyed. 01342_ Sml. Laser destroyed. 01357_ Imp. Ion Engine destroyed. 01357_ Com. Wheel destroyed. 01359_ Beam Rifle destroyed. 01365_ Destroyed Imp. Aluminum Leg. Map ----- +----------------------------------------------------+ | """ ### #???????????????????????? | | """??????# #???????????????????????? | | ?????????# ######## ????????????????????????? | | ?????????# #????????????????????????????????? | | ?????????## ##????????????????????????????????? | | ??????????# # #?????????????????????????????????? | | ??????????# # #?????????????????????????????????? | | ??????????# # #?????????????????????????????????? | | ??????????# # ?????????????????????????????????? | | ??????????# # ????????????????????????????????? | | ??????????# ######???????????????????????????????? | | ??????????# #????????????????????????????????????? | | ??????????# #????????????????????????????????????? | | ??????????# #????????????????????????????????????? | | ??????????# #????????????????????????????????????? | | ??????????# #????????????????????????????????????? | | ??????????# #????????????????????????????????????? | | ??????????# #????????????????????????????????????? | | ??????????# #????????????????????????????????????? | | ?########## ###??????????????????????????????????? | | # #####??????????????????????????????? | | # """" """" #??????????????????????????????? | | ? "?"" """" ### #??????????????????????????????? | | # """" """ #?# #########??????????????????????? | | # #?# #??????????????????????? | | # """" """" #?#########@#??????????????????????? | | # """" """ #?????????#l#??????????????????????? | | # """" """" #?????????# #??????????????????????? | | # #?????????# #?????????? ??????????? | | # """" """" = #?????????# #??????? ???????????? | | # """" """"= =#?????????# #????# #?????????????? | | # """" """"% %#??#"?????# #?? #??????????????? | | # [%=#??#""" ## # #???????????????? | | # """" """"% =#??# % u #????????????????? | | # """" """""[ #??# #????????????????? | | # """" """" #??# ## #???????????????? | | # #??######?## #??????????????? | | ###############???????????# #??????????????? | | ???????????????????????????### ##??????????????? | | ??????????????????????????????####???????????????? | | ?????????????????????????????????????????????????? | | ?????????????????????????????????????????????????? | | | | | | | | | | | | | | | | | +----------------------------------------------------+ Best States ------------- Heat Dissipation 38 Energy Generation 12 Energy Capacity 265 Matter Stores 300 Matter Capacity 300 Sight Range 16 Robot Scan Range 10 Terrain Scan Density 10 Armor Coverage 150 Power Shielding 33 Evasion (%) 42 Item Schematics ----------------- None Robot Schematics ------------------ None Fabricated ------------ Nothing Alien Tech Used ----------------- None Achievements -------------- None Challenges ------------ None Game ------ Seed NeutronAccelerationBeam Manual? 0 Play Time 00:11:00 Cumulative 43.4 hours Start 2022.02.15 @ 05:10:18 End 2022.02.15 @ 05:20:17 Sessions 1 Manual Loads 0 Difficulty Rogue Special Mode None Game No. 74 Rogue 74 Adventurer 0 Explorer 0 Win Type - Total 0 Types 0/0/0/0/0/0/0/0/0 Lore% 51 Gallery% 51 Achievement% 41 Wizard Run 0 Options --------- ASCII 0 Keyboard 0 Movement Numpad Keybinds 0 Fullscreen 1 Font 24/Smallcaps Map View 76x50 Tactical HUD 1 Map Filters NONE Filters NONE Steam 1 RUN: dd5d631e-a1d2-40db-bcde-dfb46adce360